 Dungeon Crawl Stone Soup version 0.22-a0-224-g8cf3520 (webtiles) character file.

6875 Gorice the Fighter (level 11, -4/91 HPs)
             Began as a Gnoll Wanderer on Feb 19, 2018.
             Was a Priest of Cheibriados.
             Slain by an orc warrior
             ... wielding a +0 dire flail
              (17 damage)
             ... on level 7 of the Dungeon.
             The game lasted 00:39:20 (8854 turns).

Gorice the Fighter (Gnoll Wanderer)                 Turns: 8854, Time: 00:39:20

Health: -4/91      AC: 15    Str: 30    XL:     11   Next: 6%
Magic:  19/19      EV: 12    Int: 24    God:    Cheibriados [***...]
Gold:   256        SH:  0    Dex: 21    Spells: 21/21 levels left

rFire    . . .     SeeInvis .   a - +1 quarterstaff
rCold    . . .     Gourm    .   (shield currently unavailable)
rNeg     . . .     Faith    .   J - +0 plate armour
rPois    .         Spirit   .   y - +0 helmet
rElec    .         Reflect  .   u - +0 cloak
rCorr    .         Harm     .   (no gloves)
MR       .....                  (no boots)
Stlth    ..........             C - amulet of the acrobat
HPRegen  0.25/turn              E - +4 ring of strength
MPRegen  0.16/turn              (no ring)

@: very slow
A: distributed training, fangs 1, strong nose
a: Bend Time, Temporal Distortion, Renounce Religion


You were on level 7 of the Dungeon.
You worshipped Cheibriados.
Cheibriados was most pleased with you.
You were not hungry.

You visited 2 branches of the dungeon, and saw 8 of its levels.
You also visited: Sewer and Ossuary.

You collected 331 gold pieces.
You spent 75 gold pieces at shops.

Inventory:

Hand Weapons
 a - a +1 quarterstaff (weapon)
 b - a +0 hand crossbow
 r - a +4 spear of freezing
   (You took it off a wight on level 6 of the Dungeon)
 s - a +1 war axe of freezing
   (You found it on level 6 of the Dungeon)
 B - a +2 blowgun
 F - a +4 battleaxe
 G - a +2 short sword of venom
   (You took it off a wight on level 6 of the Dungeon)
 H - a +2 flail of draining
   (You took it off Edmund on level 6 of the Dungeon)
 L - a +0 flail of holy wrath
   (You took it off an orc on level 7 of the Dungeon)
 M - a +1 battleaxe
Missiles
 c - 7 curare-tipped needles
 g - 63 bolts
 q - 57 poisoned needles
 x - 7 tomahawks (quivered)
 Y - 139 stones
Armour
 j - a +0 chain mail
 u - a +0 cloak (worn)
 y - a +0 helmet (worn)
 J - a +0 plate armour (worn)
Jewellery
 C - an amulet of the acrobat (around neck)
 E - a +4 ring of strength (left hand)
Wands
 o - a wand of scattershot (6)
 I - a wand of acid (8)
Scrolls
 d - a scroll of identify
 e - a scroll of amnesia
 i - 3 scrolls of blinking
 k - a scroll of magic mapping {!r}
 w - 5 scrolls of remove curse
Potions
 h - 4 potions of curing
 l - 2 potions of mutation {!q}
 m - a potion of brilliance {!q}
 n - 3 potions of heal wounds {!q}
 p - a potion of haste {!q}
 t - 3 potions of agility {!q}
 v - 5 potions of flight
 z - a potion of resistance {!q}
 A - a potion of lignification {!q}
 D - a potion of magic {unknown}
Comestibles
 f - 13 rations
 K - 36 chunks of flesh


   Skills:
 + Level 10.3 Fighting
 + Level 5.8 Short Blades
 + Level 5.8 Long Blades
 + Level 5.8 Axes
 + Level 5.8 Maces & Flails
 + Level 5.8 Polearms
 + Level 6.4 Staves
 + Level 5.8 Slings
 + Level 5.8 Bows
 + Level 5.8 Crossbows
 + Level 6.4 Throwing
 + Level 5.8 Armour
 + Level 6.4 Dodging
 + Level 6.3 Stealth
 + Level 5.8 Shields
 + Level 6.4 Unarmed Combat
 + Level 5.8 Spellcasting
 + Level 4.8 Conjurations
 + Level 4.8 Hexes
 + Level 4.8 Charms
 + Level 4.8 Summonings
 + Level 4.8 Necromancy
 + Level 4.8 Translocations
 + Level 4.8 Transmutations
 + Level 4.8 Fire Magic
 + Level 4.8 Ice Magic
 + Level 4.8 Air Magic
 + Level 4.8 Earth Magic
 + Level 4.8 Poison Magic
 + Level 6.3 Invocations
 + Level 6.4 Evocations


You had 21 spell levels left.
You didn't know any spells.

Dungeon Overview and Level Annotations

Branches:
Dungeon (7/15)             Temple (1/1) D:5

Altars:
Ashenzari
Cheibriados
Dithmenos
Elyvilon
Fedhas
Gozag
Hepliaklqana
Kikubaaqudgha
Makhleb
Nemelex Xobeh
Okawaru
Qazlal
Ru
Sif Muna
Trog
Uskayaw
Vehumet
Xom
Yredelemnul
Zin
The Shining One

Shops:
D:4 ?


Innate Abilities, Weirdness & Mutations

Your experience applies equally to all skills.
You have very sharp teeth.
Your uncanny sense of smell can sniff out nearby items.


Message History

You butcher the orc corpse.
g - 62 bolts (gained 1);
K - 37 chunks of flesh (gained 3)
Things that are here:
a dagger; a leather armour You see here a bolt.
The orc misses you. The orc completely misses you.
The orc completely misses you. The orc barely misses you.
Items here: )) [ ÷ † an antimagic halberd; a flail; a plate armour; a gnoll corpse; an orc skeleton You are too injured to fight recklessly!
You are too injured to fight recklessly!
Wield which item (- for none, * to show all)? (? for menu, Esc to quit)
Your +0 flail of holy wrath stops glowing.
a - a +1 quarterstaff (weapon)
You are too injured to fight recklessly!
You are too injured to fight recklessly!
You are too injured to fight recklessly!
You are too injured to fight recklessly!
You are too injured to fight recklessly!
You are too injured to fight recklessly!
You are too injured to fight recklessly!
You sock the orc!
You kill the orc!
Cheibriados appreciates the change of pace.
You see here a short sword.
g - 63 bolts (gained 1)
The warg howls!
Things that are here:
a dagger; a leather armour An orc warrior comes into view.
It is wielding a dire flail.
The orc warrior shouts!
The orc shouts!
Items here: )) [ ÷ † an antimagic halberd; a flail; a plate armour; a gnoll corpse; an orc skeleton
Items here: ))))) [[[[ ÷
There is an open door here.
Items here: ))) [[[ ÷ The orc warrior misses you.
Some of the chunks of flesh in your inventory have rotted away.
You barely miss the orc warrior.
The orc warrior hits you with a dire flail!
* * * LOW HITPOINT WARNING * * *
Damage: 11 (max 11)
You thump the orc warrior!
The orc warrior is heavily wounded.
The orc hits you but does no damage. The orc warrior closely misses you.
You barely miss the orc warrior. You bite the orc warrior.
The orc warrior is heavily wounded.
The orc closely misses you.
The orc warrior hits you with a dire flail!
You die...

#####....................
...........)...........[
≈≈≈≈≈≈≈≈≈≈≈≈≈≈≈≈≈....≈≈≈
≈≈≈≈≈≈≈≈≈≈≈≈≈≈≈≈....≈≈≈
#####≈≈≈≈≈≈≈≈≈≈≈≈....≈≈≈
#...#...................
#...#############''''###
#'#.o.........#....#..
#.')o@........'....'..
#.#)..........#....#..
#)####################
#)))...# #.).)..#∆
#.###o## #.#....#
#)#....# #'#....'.


You could see an orc warrior and an orc.

Vanquished Creatures
  The ghost of wazuzu the Thaumaturge, a novice GnWz of Cheibriados (D:7)
  Pikel (D:7)
  An orc knight (D:7)
  A spriggan (D:7)
  The ghost of RoseArtemis the Skirmisher, an amateur HOFi of Beogh (D:4)
  Menkaure (D:5)
  12 wargs
  Edmund (D:6)
  A hungry ghost (D:7)
  Duvessa (D:5)
  A sky beast (D:6)
  7 orc warriors
  A necrophage (D:5)
  3 ogres
  A phantom (D:6)
  A centaur (D:4)
  A big kobold (Sewer)
  2 bullfrogs (D:6)
  A gnoll sergeant (D:7)
  Dowan (D:5)
  8 scorpions
  3 wights (D:6)
  2 howler monkeys (D:7)
  A crimson imp (D:5)
  A bullfrog zombie (D:5)
  A human zombie (Ossuary)
  A centaur zombie (Ossuary)
  4 hounds
  2 orc priests (D:4)
  An iguana (D:6)
  A jelly (D:7)
  2 bullfrog skeletons (D:6)
  A centaur skeleton (D:5)
  Terence (D:3)
  Ijyb (D:3)
  5 orc wizards
  4 worker ants
  A big kobold zombie (Ossuary)
  3 hound skeletons
  2 mummies (Ossuary)
  3 gnolls (D:7)
  A howler monkey skeleton (D:5)
  3 scorpion zombies (Ossuary)
  9 adders
  A river rat (Sewer)
  A shadow imp (D:6)
  A white imp (D:5)
  A worm zombie (D:6)
  2 adder skeletons
  5 worms
  2 dart slugs (D:1)
  3 leopard geckos
  40 orcs
  3 ball pythons
  9 giant cockroaches
  3 gnoll zombies (Ossuary)
  6 goblins
  10 hobgoblins
  2 jackals (Sewer)
  4 quokkas
  4 bats
  5 frilled lizards
  3 hobgoblin zombies (Ossuary)
  9 kobolds
  A leopard gecko skeleton (D:4)
  3 orc zombies (Ossuary)
  11 rats
230 creatures vanquished.

Vanquished Creatures (others)
  4 slaves (D:7)
  A scorpion (Ossuary)
  An orc wizard (D:7)
  A mummy (Ossuary)
  A frilled lizard (D:1)
  An orc zombie (Ossuary)
  2 plants (D:7)
11 creatures vanquished.

Grand Total: 241 creatures vanquished

Notes
Turn   | Place    | Note
-------+----------+-------------------------------------------
     0 | D:1      | Gorice the Gnoll Wanderer began the quest for the Orb.
     0 | D:1      | Gorice set off with: 4 curare-tipped needles, a +2 blowgun, a +0 quarterstaff, a scroll of teleportation {!r}, a +0 robe, a ration
     0 | D:1      | Reached XP level 1. HP: 26/26 MP: 2/2
    96 | D:1      | Reached XP level 2. HP: 32/33 MP: 3/3
   365 | D:1      | Reached XP level 3. HP: 36/38 MP: 4/4
   697 | D:2      | Reached skill level 1 in Invocations
   911 | D:2      | Reached skill level 1 in Short Blades
   911 | D:2      | Reached skill level 1 in Long Blades
   911 | D:2      | Reached skill level 1 in Axes
   911 | D:2      | Reached skill level 1 in Maces & Flails
   911 | D:2      | Reached skill level 1 in Polearms
   911 | D:2      | Reached skill level 1 in Slings
   911 | D:2      | Reached skill level 1 in Bows
   911 | D:2      | Reached skill level 1 in Crossbows
   911 | D:2      | Reached skill level 1 in Armour
   911 | D:2      | Reached skill level 1 in Shields
   911 | D:2      | Reached skill level 1 in Spellcasting
   911 | D:2      | Reached XP level 4. HP: 42/45 MP: 4/6
  1007 | D:2      | Found an iron altar of Okawaru.
  1433 | D:3      | Reached skill level 1 in Conjurations
  1433 | D:3      | Reached skill level 1 in Hexes
  1433 | D:3      | Reached skill level 1 in Charms
  1433 | D:3      | Reached skill level 1 in Summonings
  1433 | D:3      | Reached skill level 1 in Necromancy
  1433 | D:3      | Reached skill level 1 in Translocations
  1433 | D:3      | Reached skill level 1 in Transmutations
  1433 | D:3      | Reached skill level 1 in Fire Magic
  1433 | D:3      | Reached skill level 1 in Ice Magic
  1433 | D:3      | Reached skill level 1 in Air Magic
  1433 | D:3      | Reached skill level 1 in Earth Magic
  1433 | D:3      | Reached skill level 1 in Poison Magic
  1777 | D:3      | Noticed Ijyb
  1793 | D:3      | Killed Ijyb
  1793 | D:3      | Reached XP level 5. HP: 50/51 MP: 7/7
  1857 | D:3      | Noticed Terence
  1862 | D:3      | Killed Terence
  2015 | D:4      | Reached skill level 3 in Staves
  2015 | D:4      | Reached skill level 3 in Throwing
  2015 | D:4      | Reached skill level 3 in Dodging
  2015 | D:4      | Reached skill level 3 in Unarmed Combat
  2015 | D:4      | Reached skill level 3 in Evocations
  2071 | D:4      | Noticed a centaur
  2086 | D:4      | HP: 15/51 [centaur (6)]
  2090 | D:4      | HP: 7/51 [centaur (3)]
  2091 | D:4      | HP: 3/51 [centaur (4)]
  2096 | D:4      | HP: 12/51 [centaur (2)]
  2101 | D:4      | Killed a centaur
  2101 | D:4      | Reached skill level 2 in Invocations
  2101 | D:4      | Reached XP level 6. HP: 30/57 MP: 8/8
  2126 | D:4      | Reached skill level 3 in Stealth
  2218 | D:4      | Found a glowing drain.
  2259 | Sewer    | Entered a sewer
  2431 | Sewer    | Reached skill level 2 in Short Blades
  2431 | Sewer    | Reached skill level 2 in Long Blades
  2431 | Sewer    | Reached skill level 2 in Axes
  2431 | Sewer    | Reached skill level 2 in Maces & Flails
  2431 | Sewer    | Reached skill level 2 in Polearms
  2431 | Sewer    | Reached skill level 2 in Slings
  2431 | Sewer    | Reached skill level 2 in Bows
  2431 | Sewer    | Reached skill level 2 in Crossbows
  2431 | Sewer    | Reached skill level 2 in Armour
  2431 | Sewer    | Reached skill level 2 in Shields
  2431 | Sewer    | Reached skill level 2 in Spellcasting
  2456 | Sewer    | Found a white marble altar of Elyvilon.
  2670 | D:4      | Found Huriosur's Magic Scroll Boutique.
  2676 | D:4      | Noticed RoseArtemis's ghost (amateur HOFi)
  2704 | D:4      | HP: 5/57 [RoseArtemis's ghost (16)]
  2962 | D:4      | Reached XP level 7. HP: 63/63 MP: 10/10
  3153 | D:4      | HP: 16/63 [RoseArtemis's ghost (14)]
  3156 | D:4      | Killed RoseArtemis's ghost
  3156 | D:4      | Reached skill level 2 in Conjurations
  3156 | D:4      | Reached skill level 2 in Hexes
  3156 | D:4      | Reached skill level 2 in Charms
  3156 | D:4      | Reached skill level 2 in Summonings
  3156 | D:4      | Reached skill level 2 in Necromancy
  3156 | D:4      | Reached skill level 2 in Translocations
  3156 | D:4      | Reached skill level 2 in Transmutations
  3156 | D:4      | Reached skill level 2 in Fire Magic
  3156 | D:4      | Reached skill level 2 in Ice Magic
  3156 | D:4      | Reached skill level 2 in Air Magic
  3156 | D:4      | Reached skill level 2 in Earth Magic
  3156 | D:4      | Reached skill level 2 in Poison Magic
  3164 | D:4      | Bought a scroll of blinking for 75 gold pieces
  3511 | D:5      | Entered Level 5 of the Dungeon
  3643 | D:5      | Noticed Duvessa
  3646 | D:5      | Noticed Dowan
  3647 | D:5      | Noticed Menkaure
  3651 | D:5      | Killed Duvessa
  3651 | D:5      | Reached skill level 9 in Fighting
  3655 | D:5      | Killed Menkaure
  3655 | D:5      | Reached skill level 3 in Invocations
  3655 | D:5      | Reached XP level 8. HP: 44/71 MP: 10/12
  3667 | D:5      | Killed Dowan
  3701 | D:5      | Reached skill level 3 in Short Blades
  3701 | D:5      | Reached skill level 3 in Long Blades
  3701 | D:5      | Reached skill level 3 in Axes
  3701 | D:5      | Reached skill level 3 in Maces & Flails
  3701 | D:5      | Reached skill level 3 in Polearms
  3701 | D:5      | Reached skill level 4 in Staves
  3701 | D:5      | Reached skill level 3 in Slings
  3701 | D:5      | Reached skill level 3 in Bows
  3701 | D:5      | Reached skill level 3 in Crossbows
  3701 | D:5      | Reached skill level 4 in Throwing
  3701 | D:5      | Reached skill level 3 in Armour
  3701 | D:5      | Reached skill level 4 in Dodging
  3701 | D:5      | Reached skill level 3 in Shields
  3701 | D:5      | Reached skill level 4 in Unarmed Combat
  3701 | D:5      | Reached skill level 3 in Spellcasting
  3701 | D:5      | Reached skill level 4 in Evocations
  3893 | D:5      | Reached skill level 4 in Stealth
  4506 | D:5      | Found a staircase to the Ecumenical Temple.
  4551 | Temple   | Entered the Ecumenical Temple
  4635 | Temple   | Became a worshipper of Cheibriados the Contemplative
  4830 | D:6      | Found a sand-covered staircase.
  4844 | Ossuary  | Entered an ossuary
  5007 | Ossuary  | HP: 20/71 [scorpion (7)]
  5012 | Ossuary  | HP: 15/71 [poisoned by a scorpion]
  5018 | Ossuary  | HP: 12/71 [poisoned by a scorpion]
  5025 | Ossuary  | HP: 11/71 [poisoned by a scorpion]
  5032 | Ossuary  | HP: 10/71 [poisoned by a scorpion]
  5040 | Ossuary  | HP: 10/71 [poisoned by a scorpion]
  5409 | Ossuary  | Reached skill level 4 in Invocations
  5476 | Ossuary  | Reached skill level 3 in Conjurations
  5476 | Ossuary  | Reached skill level 3 in Hexes
  5476 | Ossuary  | Reached skill level 3 in Charms
  5476 | Ossuary  | Reached skill level 3 in Summonings
  5476 | Ossuary  | Reached skill level 3 in Necromancy
  5476 | Ossuary  | Reached skill level 3 in Translocations
  5476 | Ossuary  | Reached skill level 3 in Transmutations
  5476 | Ossuary  | Reached skill level 3 in Fire Magic
  5476 | Ossuary  | Reached skill level 3 in Ice Magic
  5476 | Ossuary  | Reached skill level 3 in Air Magic
  5476 | Ossuary  | Reached skill level 3 in Earth Magic
  5476 | Ossuary  | Reached skill level 3 in Poison Magic
  5511 | Ossuary  | Reached XP level 9. HP: 61/76 MP: 14/14
  6147 | D:6      | Reached skill level 4 in Short Blades
  6147 | D:6      | Reached skill level 4 in Long Blades
  6147 | D:6      | Reached skill level 4 in Axes
  6147 | D:6      | Reached skill level 4 in Maces & Flails
  6147 | D:6      | Reached skill level 4 in Polearms
  6147 | D:6      | Reached skill level 4 in Slings
  6147 | D:6      | Reached skill level 4 in Bows
  6147 | D:6      | Reached skill level 4 in Crossbows
  6147 | D:6      | Reached skill level 4 in Armour
  6147 | D:6      | Reached skill level 4 in Shields
  6147 | D:6      | Reached skill level 4 in Spellcasting
  6253 | D:6      | Reached * piety under Cheibriados
  6518 | D:6      | Reached skill level 5 in Staves
  6518 | D:6      | Reached skill level 5 in Throwing
  6518 | D:6      | Reached skill level 5 in Dodging
  6518 | D:6      | Reached skill level 5 in Unarmed Combat
  6518 | D:6      | Reached skill level 5 in Evocations
  6559 | D:6      | Found a burning altar of Makhleb.
  6694 | D:6      | Reached skill level 5 in Stealth
  6813 | D:6      | Noticed Edmund
  6822 | D:6      | Killed Edmund
  6956 | D:7      | Noticed Pikel
  6972 | D:7      | Killed Pikel
  6972 | D:7      | Reached skill level 5 in Invocations
  7186 | D:7      | Reached XP level 10. HP: 66/84 MP: 17/17
  7311 | D:7      | Reached skill level 4 in Conjurations
  7311 | D:7      | Reached skill level 4 in Hexes
  7311 | D:7      | Reached skill level 4 in Charms
  7311 | D:7      | Reached skill level 4 in Summonings
  7311 | D:7      | Reached skill level 4 in Necromancy
  7311 | D:7      | Reached skill level 4 in Translocations
  7311 | D:7      | Reached skill level 4 in Transmutations
  7311 | D:7      | Reached skill level 4 in Fire Magic
  7311 | D:7      | Reached skill level 4 in Ice Magic
  7311 | D:7      | Reached skill level 4 in Air Magic
  7311 | D:7      | Reached skill level 4 in Earth Magic
  7311 | D:7      | Reached skill level 4 in Poison Magic
  7538 | D:7      | Reached ** piety under Cheibriados
  7640 | D:7      | Reached skill level 5 in Short Blades
  7640 | D:7      | Reached skill level 5 in Long Blades
  7640 | D:7      | Reached skill level 5 in Axes
  7640 | D:7      | Reached skill level 5 in Maces & Flails
  7640 | D:7      | Reached skill level 5 in Polearms
  7640 | D:7      | Reached skill level 5 in Slings
  7640 | D:7      | Reached skill level 5 in Bows
  7640 | D:7      | Reached skill level 5 in Crossbows
  7640 | D:7      | Reached skill level 5 in Armour
  7640 | D:7      | Reached skill level 5 in Shields
  7640 | D:7      | Reached skill level 5 in Spellcasting
  7816 | D:7      | HP: 25/85 [warg (12)]
  7823 | D:7      | Reached skill level 10 in Fighting
  7963 | D:7      | HP: 21/85 [warg (11)]
  8375 | D:6      | Reached skill level 6 in Staves
  8375 | D:6      | Reached skill level 6 in Throwing
  8375 | D:6      | Reached skill level 6 in Dodging
  8375 | D:6      | Reached skill level 6 in Unarmed Combat
  8375 | D:6      | Reached skill level 6 in Evocations
  8580 | D:7      | Reached skill level 6 in Stealth
  8671 | D:7      | Reached *** piety under Cheibriados
  8671 | D:7      | Reached skill level 6 in Invocations
  8718 | D:7      | Noticed an orc knight
  8737 | D:7      | HP: 12/85 [orc knight/enchanted battleaxe (16)]
  8745 | D:7      | Killed an orc knight
  8746 | D:7      | HP: 25/85 [orc warrior/war axe (1)]
  8749 | D:7      | HP: 9/85 [orc warrior/war axe (14)]
  8751 | D:7      | HP: 3/85 [orc/club (6)]
  8804 | D:7      | Noticed wazuzu's ghost (novice GnWz)
  8816 | D:7      | HP: 25/85 [wazuzu's ghost] (2)]
  8821 | D:7      | HP: 20/85 [wazuzu's ghost] (1)]
  8824 | D:7      | HP: 5/85 [wazuzu's ghost/magic dart (6)]
  8828 | D:7      | Killed wazuzu's ghost
  8828 | D:7      | Reached XP level 11. HP: 16/91 MP: 19/19
  8852 | D:7      | HP: 13/91 [orc warrior/dire flail (12)]
  8854 | D:7      | Slain by an orc warrior

Vault maps used:
D:1:      minmay_arrival_hallway, minmay_strange_pillars
D:2:      first_ration, okawaru_gym_becter
D:3:      uniq_terence, uniq_ijyb
D:4:      serial_shops, nicolae_shop_stone, cheibrodos_sewer_entry_bend
D:5:      minmay_temple_entry_nine_rooms, minmay_fire_ice_demons, uniq_duvessa,
          uniq_menkaure
D:6:      basic_altar, enter_ossuary_3, kennysheep_minor_cross, uniq_edmund
D:7:      lemuel_castle_with_subvaults, the_bakery, uniq_pikel
Temple:   compressed_dpeg_circular_temple
Sewer:    sewer_kobolds
Ossuary:  ossuary_minmay_scorpions

Skill      XL: |  1  2  3  4  5  6  7  8  9 10 |
---------------+-------------------------------+-----
Invocations    | 1 2 3 4 5 6 |  6.3
Short Blades   | 1 2 3 4 5 |  5.8
Long Blades    | 1 2 3 4 5 |  5.8
Axes           | 1 2 3 4 5 |  5.8
Maces & Flails | 1 2 3 4 5 |  5.8
Polearms       | 1 2 3 4 5 |  5.8
Slings         | 1 2 3 4 5 |  5.8
Bows           | 1 2 3 4 5 |  5.8
Crossbows      | 1 2 3 4 5 |  5.8
Armour         | 1 2 3 4 5 |  5.8
Shields        | 1 2 3 4 5 |  5.8
Spellcasting   | 1 2 3 4 5 |  5.8
Conjurations   | 1 2 3 4 |  4.8
Hexes          | 1 2 3 4 |  4.8
Charms         | 1 2 3 4 |  4.8
Summonings     | 1 2 3 4 |  4.8
Necromancy     | 1 2 3 4 |  4.8
Translocations | 1 2 3 4 |  4.8
Transmutations | 1 2 3 4 |  4.8
Fire Magic     | 1 2 3 4 |  4.8
Ice Magic      | 1 2 3 4 |  4.8
Air Magic      | 1 2 3 4 |  4.8
Earth Magic    | 1 2 3 4 |  4.8
Poison Magic   | 1 2 3 4 |  4.8
Staves         | 3 4 5 6 |  6.4
Throwing       | 3 4 5 6 |  6.4
Dodging        | 3 4 5 6 |  6.4
Unarmed Combat | 3 4 5 6 |  6.4
Evocations     | 3 4 5 6 |  6.4
Stealth        | 3 4 5 6 |  6.3
Fighting       | 9 10 | 10.3

Action                   |  1- 3 |  4- 6 |  7- 9 | 10-12 || total
-------------------------+-------+-------+-------+-------++-------
Melee: Quarterstaff      |    78 |   180 |   230 |   178 ||   666
       Bite              |     5 |    20 |    38 |    31 ||    94
       Flail             |       |       |       |     7 ||     7
 Fire: Hand crossbow     |       |    29 |   162 |    71 ||   262
Throw: Stone             |       |     9 |       |       ||     9
       Tomahawk          |       |       |       |     1 ||     1
Invok: Bend Time         |       |       |       |     1 ||     1
Evoke: Wand              |       |       |     1 |     5 ||     6
  Use: Scroll            |     3 |     8 |    11 |       ||    22
       Potion            |       |     3 |       |     4 ||     7
 Stab: Sleeping          |     4 |       |       |       ||     4
  Eat: Chunk             |       |     6 |    10 |     3 ||    19
       Ration            |       |       |     1 |       ||     1
Armor: Robe              |     8 |       |       |       ||     8
       Ring mail         |    20 |    14 |       |       ||    34
       Chain mail        |       |    80 |   129 |    36 ||   245
       Scale mail        |       |     6 |       |       ||     6
       Plate armour      |       |       |       |    28 ||    28
Dodge: Dodged            |    42 |    83 |   156 |   135 ||   416

Table legend:
 A = Spawn XP
 B = Non-spawn XP
 C = Spawn XP percentage of total XP
 D = Spawn monster count
 E = Non-spawn monster count
 F = Spawn count percentage of total count
 G = Total turns spent on level
                    A         B        C        D         E        F      G
               +---------+---------+-------+---------+---------+-------+---------
         Total |       0 |    9822 |   0.0 |       0 |     231 |   0.0 |  8854
               +---------+---------+-------+---------+---------+-------+---------
           D:1 |       0 |      46 |   0.0 |       0 |      24 |   0.0 |   687
           D:2 |       0 |      69 |   0.0 |       0 |      20 |   0.0 |   619
           D:3 |       0 |     101 |   0.0 |       0 |      17 |   0.0 |   894
           D:4 |       0 |     523 |   0.0 |       0 |      19 |   0.0 |   994
           D:5 |       0 |    1055 |   0.0 |       0 |      22 |   0.0 |  1225
           D:6 |       0 |    1690 |   0.0 |       0 |      24 |   0.0 |  1179
           D:7 |       0 |    5599 |   0.0 |       0 |      70 |   0.0 |  1775
         Sewer |       0 |     127 |   0.0 |       0 |      12 |   0.0 |   317
       Ossuary |       0 |     612 |   0.0 |       0 |      23 |   0.0 |  1070
               +---------+---------+-------+---------+---------+-------+---------

Table legend:
 A = Turns spent in this place as a percentage of turns spent in the entire game.
 B = Non-inter-level travel turns spent in this place as a percentage of non-inter-level travel turns spent in the entire game.
 C = Inter-level travel turns spent in this place as a percentage of turns spent in this place.
 D = Turns resting spent in this place as a percentage of non-inter-level travel turns spent in this place.
 E = Turns spent auto-exploring this place as a percentage of non-inter-level travel turns spent in this place.
 F = Non-inter-level travel turns spent in this place divided by the number of levels of this place that you've seen.
                   A       B       C       D       E      F
               +-------+-------+-------+-------+-------+----------------------
         Total | 100.0 | 100.0 |   1.3 |  29.8 |  29.1 | 874.1
       Dungeon |  83.3 |  83.1 |   1.4 |  27.2 |  33.5 | 1038.3
        Temple |   1.1 |   1.0 |   8.5 |   0.0 |  83.7 |  86.0
         Sewer |   3.6 |   3.6 |   0.0 |   7.9 |  10.1 | 317.0
       Ossuary |  12.1 |  12.2 |   0.0 |  56.1 |   0.0 | 1070.0
               +-------+-------+-------+-------+-------+----------------------

Vault maps used:
D:1:      minmay_arrival_hallway, minmay_strange_pillars
D:2:      first_ration, okawaru_gym_becter
D:3:      uniq_terence, uniq_ijyb
D:4:      serial_shops, nicolae_shop_stone, cheibrodos_sewer_entry_bend
D:5:      minmay_temple_entry_nine_rooms, minmay_fire_ice_demons, uniq_duvessa,
          uniq_menkaure
D:6:      basic_altar, enter_ossuary_3, kennysheep_minor_cross, uniq_edmund
D:7:      lemuel_castle_with_subvaults, the_bakery, uniq_pikel
Temple:   compressed_dpeg_circular_temple
Sewer:    sewer_kobolds
Ossuary:  ossuary_minmay_scorpions
